 Dungeon Crawl Stone Soup version 0.30-a0-1035-g38d5fb2972 (webtiles) character file.

Game seed: 16352685780092165202

2839 Grim the Spear-Bearer (level 10, -2/126 HPs)
             Began as a Formicid Fighter on Apr 7, 2023.
             Was a Follower of the Shining One.
             Killed by divine providence
             ... invoked by an orc priest
              (13 damage)
             ... on level 7 of the Dungeon.
             The game lasted 00:08:36 (6168 turns).

Grim the Spear-Bearer (Formicid Fighter)            Turns: 6168, Time: 00:08:37

Health: -2/126     AC: 25    Str: 23    XL:     10   Next: 3%
Magic:  8/10       EV:  2    Int: 16    God:    the Shining One [*.....]
Gold:   209        SH: 12    Dex: 19    Spells: 9/9 levels left

rFire   . . .      SeeInvis .    a - +0 trident
rCold   . . .      Faith    .    c - +0 buckler
rNeg    . . .      Spirit   .    b - melded +0 scale mail
rPois   +          Reflect  .    (helmet unavailable)
rElec   .          Rampage  .    (cloak currently unavailable)
rCorr   .                        y - melded +0 pair of gloves
Will    +....                    x - melded +0 pair of boots
Stlth   +                        (no amulet)
HPRegen 0.41/turn                z - +6 ring of dexterity
MPRegen 0.12/turn                A - +6 ring of intelligence

@: divinely shielded, tree-form, attractive, glowing
A: stationary, stasis, torment immunity, boosted hp, permanent stasis, dig
shafts and tunnels, (antennae 3), four strong arms, robust 1, screaming 1
a: Renounce Religion, Divine Shield


You were on level 7 of the Dungeon.
You worshipped the Shining One.
The Shining One was aware of your devotion.
You were a tree.
You visited 1 branch of the dungeon, and saw 7 of its levels.

You collected 321 gold pieces.
You spent 112 gold pieces at shops.

Inventory:

Hand Weapons
 a - a +0 trident (weapon)
Armour
 b - a +0 scale mail (melded)
 c - a +0 buckler (worn)
 r - a +0 plate armour
 w - a +0 tower shield
 x - a +0 pair of boots (melded)
 y - a +0 pair of gloves (melded)
Jewellery
 k - a ring of fire
 n - a ring of flight
 t - an amulet of magic regeneration
 v - a ring of magical power
 z - a +6 ring of dexterity (left branch)
 A - a +6 ring of intelligence (right branch)
Wands
 u - a wand of quicksilver (9)
 G - a wand of flame (10)
 H - a wand of polymorph (10)
Scrolls
 e - a scroll of teleportation {unknown}
 f - 6 scrolls of fear {unknown}
 h - 7 scrolls of identify {unknown}
 i - 2 scrolls of vulnerability {unknown}
 l - a scroll of enchant armour {unknown}
 o - a scroll of noise {unknown}
 D - a scroll of silence {unknown}
 E - 3 scrolls of immolation {unknown}
 F - a scroll of magic mapping {unknown}
Potions
 j - a potion of magic
 m - a potion of brilliance
 p - a potion of attraction
 q - a potion of mutation {!q}
 C - 2 potions of invisibility


   Skills:
 + Level 6.5 Fighting
 * Level 12.1 Polearms
 - Level 3.2 Armour
 - Level 4.0 Shields


You had 9 spell levels left.
You didn't know any spells.
Your spell library contained the following spells:

 Spells                   Type           Power      Damage    Failure   Level
 Apportation              Tloc           0%         N/A       30%         1
 Magic Dart               Conj           0%         1d3       30%         1
 Call Imp                 Summ           0%         N/A       43%         2
 Mephitic Cloud           Conj/Pois/Air  0%         N/A       67%         3
 Portal Projectile        Hex/Tloc       0%         N/A       67%         3
 Tukima's Dance           Hex            0%         N/A       67%         3
 Passage of Golubria      Tloc           0%         N/A       97%         4
 Petrify                  Tmut/Erth      0%         N/A       97%         4
 Metabolic Englaciation   Hex/Ice        0%         N/A       100%        5
 Summon Forest            Summ/Tloc      0%         N/A       100%        5
 Yara's Violent Unravell  Hex/Tmut       0%         3d3       100%        5
 Eringya's Noxious Bog    Tmut/Pois      0%         N/A       100%        6
 Statue Form              Tmut/Erth      0%         N/A       100%        6
 Malign Gateway           Summ/Tloc      0%         N/A       100%        7
 Summon Hydra             Summ           0%         N/A       100%        7


Dungeon Overview and Level Annotations

Branches:
Dungeon (7/15)             Temple (0/1) D:5

Altars:
Hepliaklqana
Kikubaaqudgha
Makhleb
Ru
Trog
Uskayaw
Vehumet
Wu Jian
Xom
The Shining One

Shops:
D:4 [   D:5 :   D:6 [

Annotations:
D:6 exclusion: statue


Innate Abilities, Weirdness & Mutations

You are a tree.
Your roots penetrate the ground, keeping you stationary.
You cannot be teleported.
You are immune to unholy pain and torment.
Your maximum health is greatly increased.
Your equipment is partially melded.
You cannot be hasted, slowed, berserked, paralysed or teleported.
You can dig through walls and to a lower floor.
((You have a pair of large antennae on your head. (SInv)))
Your four strong arms can wield two-handed weapons with a shield.
You are robust. (+10% HP)
You occasionally shout uncontrollably at your foes.


Message History

You block the orc warrior's attack. You block the orc's attack.
You barely miss the orc warrior.
The orc warrior is heavily wounded.
You block the orc warrior's attack. The orc barely misses you.
You hit the orc warrior but do no damage.
The orc warrior is heavily wounded.
You hit the orc warrior but do no damage.
The orc warrior is heavily wounded.
The orc warrior closely misses you. The orc barely misses you.
You hit the orc warrior but do no damage.
The orc warrior is heavily wounded.
The orc warrior barely misses you.
The orc hits you from afar with a +0 halberd.
* * * LOW HITPOINT WARNING * * *
You hit the orc warrior but do no damage.
The orc warrior is heavily wounded.
You puncture the orc warrior!
The orc warrior is severely wounded.
The orc priest invokes the aid of Beogh against you.
Beogh smites you! The Shining One protects you from harm!
You block the orc warrior's attack. You block the orc's attack.
You hit the orc warrior.
The orc warrior is almost dead.
The orc warrior hits you with the +9 dagger "Etamiqok" {spect, rElec Will+ Str-4}.
* * * LOW HITPOINT WARNING * * *
You block the orc's attack.
Unknown command.
It was a potion of lignification.
You turn into a tree.
Your +0 pair of gloves melds into your body.
Your +0 pair of boots melds into your body.
Your +0 scale mail melds into your body.
Your roots penetrate the ground.
You block the orc warrior's attack. Something hits you but does no damage.
Deactivating autopickup; reactivate with Ctrl-A.
You feel better. You block the orc warrior's attack. Something hits you.
* * * LOW HITPOINT WARNING * * *
The orc priest mumbles some strange prayers to Beogh against you.
Beogh smites you!
You die...

.♣.......♣...#.#
#####.########.#
.♣♣♣...♣♣♣.♣♣#.#
~.♣.~~~[♣.~.♣#.#
~~.#~~~#.~~~.#.#
~.♣.~~~.♣.~.♣#.###
.♣♣♣..)♣♣♣.♣♣#...# ##
##.## ### #.#.# .♣♣ ♣.♣
♣♣.♣♣#.#♣#
♣.♣♣♣.♣♣♣.♣.♣#.#o#
♣♣.♣♣.♣♣.♣♣♣.#.#.#
♣♣.♣.♣.♣♣ ♣♣#.#o# #
♣♣...♣♣ #...####.#
####...#######.#.)....#
........†......###....#
#######.......## #o...#
#######.####....#


You could see an orc warrior and an orc priest.

Vanquished Creatures
  A two-headed ogre (D:7)
  A troll (D:7)
  A slime creature (D:7)
  A yak (D:7)
  2 water moccasins (D:7)
  An ice beast (D:5)
  A black bear (D:7)
  3 ogres
  A phantom (D:7)
  A bullfrog (D:7)
  A scorpion (D:5)
  5 killer bees (D:7)
  A howler monkey (D:7)
  A crimson imp (D:3)
  2 jellies
  3 hounds
  A gnoll bouda (D:7)
  Jessica (D:3)
  An iguana (D:5)
  3 sleepcaps
  4 orc wizards
  11 adders
  3 white imps
  3 ufetubi
  3 worms
  A dart slug (D:5)
  18 orcs
  4 ball pythons
  3 endoplasms
  6 goblins
  5 hobgoblins
  3 quokkas
  3 bats
  3 frilled lizards
  2 goblin skeletons (D:3)
  A goblin zombie (D:3)
  A hobgoblin zombie (D:3)
  4 kobolds
  A kobold zombie (D:3)
  An orc zombie (D:3)
  3 rats
115 creatures vanquished.

Notes
Turn   | Place    | Note
-------+----------+-------------------------------------------
     0 | D:1      | Grim the Formicid Fighter began the quest for the Orb.
     0 | D:1      | Reached XP level 1. HP: 18/18 MP: 1/1
   314 | D:1      | Reached XP level 2. HP: 24/24 MP: 2/2
   620 | D:2      | Reached skill level 3 in Polearms
   822 | D:2      | Found a hazy altar of Hepliaklqana.
   848 | D:2      | Reached XP level 3. HP: 29/29 MP: 3/3
  1211 | D:3      | Reached skill level 4 in Polearms
  1211 | D:3      | Reached XP level 4. HP: 23/35 MP: 4/4
  1317 | D:3      | Found a faded altar of an unknown god.
  1323 | D:3      | Noticed a +0 short sword
  1323 | D:3      | Noticed a +0 spear
  1325 | D:3      | Noticed a +0 dagger
  1325 | D:3      | Noticed a +0 falchion
  1330 | D:3      | Noticed a +0 spear
  1330 | D:3      | Noticed a +0 short sword
  1372 | D:3      | Noticed a +0 dagger
  1374 | D:3      | Noticed a +0 falchion
  1456 | D:3      | Found a hide-covered altar of Uskayaw.
  1458 | D:3      | Found a glowing golden altar of the Shining One.
  1467 | D:3      | Became a worshipper of the Shining One
  1473 | D:3      | Reached skill level 5 in Polearms
  1473 | D:3      | Reached XP level 5. HP: 35/41 MP: 5/5
  1990 | D:3      | Noticed Jessica
  1998 | D:3      | Killed Jessica
  1999 | D:3      | Reached XP level 6. HP: 43/47 MP: 6/6
  2112 | D:3      | Found an ornate altar of the Wu Jian Council.
  2264 | D:4      | Found a burning altar of Makhleb.
  2272 | D:4      | Reached skill level 6 in Polearms
  2314 | D:4      | Noticed an ogre
  2322 | D:4      | Killed an ogre
  2496 | D:4      | Found an ancient bone altar of Kikubaaqudgha.
  2847 | D:4      | Found Pefudd's Antique Armour Emporium.
  2856 | D:4      | Bought a tower shield for 112 gold pieces
  2884 | D:4      | Reached XP level 7. HP: 52/52 MP: 7/7
  2890 | D:4      | Reached skill level 7 in Polearms
  3210 | D:5      | Entered Level 5 of the Dungeon
  3218 | D:5      | Reached * piety under the Shining One
  3372 | D:5      | Reached skill level 8 in Polearms
  3442 | D:5      | Found a staircase to the Ecumenical Temple.
  3637 | D:5      | Reached XP level 8. HP: 55/58 MP: 8/8
  3802 | D:5      | Found a bloodstained altar of Trog.
  3909 | D:5      | Found Qahaa's Book Boutique.
  4159 | D:6      | Found Hawips's Antique Armour Shoppe.
  4166 | D:6      | Reached skill level 9 in Polearms
  4391 | D:6      | Found a radiant altar of Vehumet.
  4401 | D:6      | Found a shimmering altar of Xom.
  4782 | D:6      | Found a sacrificial altar of Ru.
  5303 | D:7      | Reached skill level 10 in Polearms
  5542 | D:7      | Noticed a two-headed ogre
  5545 | D:7      | Noticed a yak
  5558 | D:7      | Killed a two-headed ogre
  5559 | D:7      | Reached skill level 5 in Fighting
  5559 | D:7      | Reached skill level 11 in Polearms
  5559 | D:7      | Reached XP level 9. HP: 8/68 MP: 5/9
  5567 | D:7      | Gained mutation: You occasionally shout uncontrollably at
                  | your foes. [potion of mutation]
  5567 | D:7      | Gained mutation: You are robust. (+10% HP) [potion of
                  | mutation]
  5638 | D:7      | Noticed a troll
  5644 | D:7      | Killed a troll
  5882 | D:7      | Got the Anthology of Topography and the Tesseract
  5895 | D:7      | Reached skill level 12 in Polearms
  5952 | D:7      | Reached XP level 10. HP: 73/84 MP: 10/10
  6140 | D:7      | Identified the +9 dagger "Etamiqok" {spect, rElec Will+
                  | Str-4}
  6165 | D:7      | The Shining One protects you from harm!
  6166 | D:7      | HP: 2/84 [orc warrior/the +9 dagger "Etamiqok" {spect,
                  | rElec Will+ Str-4} (6)]
  6168 | D:7      | Killed from afar by an orc priest

Illustrated notes

Levels and vault maps discovered:
D:1:      psy_arrival_basics, layout_loops_ring, serial_bayou_pond_b
D:2:      layout_loops_ring, basic_altar, dk_noncrumbling_4
D:3:      layout_loops_ring, nicolae_tso_besieged_by_evil,
          mainiacjoe_overflow_alcove_1, nicolae_uskayaw_en_pointe,
          hellmonk_ecumenical_altar_leap_of_faith,
          hangedman_decor_clover_reticule, uniq_jessica
D:4:      layout_loops_cross, mainiacjoe_overflow_concentric_impassable,
          bloody_makhleb, serial_shops, nicolae_shop_trees,
          serial_park_tiny_pond, minmay_fountain_box
D:5:      layout_gridville, trog_butcher_becter, minmay_temple_entry_junction,
          serial_shops, nicolae_shop_advertising_works
          [nicolae_subvault_shop_adworks]
D:6:      layout_basic, vehumet_statue, mainiacjoe_overflow_small_starburst,
          nicolae_ru_path_of_blood, serial_shops, nicolae_shop_stone,
          corexii_leaking_fountain
D:7:      nzn_winding_woodlands_small [nzn_winding_woodlands_5x15_sawtooth,
          nzn_winding_woodlands_center_triple_pond,
          nzn_winding_woodlands_5x15_sidewinder], layout_basic,
          elyvilon_altar_1, feat_on_display

Skill      XL: |  1  2  3  4  5  6  7  8  9 |
---------------+----------------------------+-----
Polearms       | 3 4 5 6 8 11 12 | 12.1
Fighting       | 5 6 |  6.5
Armour         | |  3.2
Shields        | |  4.0

Action                     |  1- 3 |  4- 6 |  7- 9 | 10-12 || total
---------------------------+-------+-------+-------+-------++-------
  Melee: Trident           |    71 |   154 |   236 |    21 ||   482
 Invoke: Divine Shield     |       |       |     2 |     1 ||     3
  Evoke: Wand              |       |       |     5 |       ||     5
    Use: Potion            |       |       |     7 |     4 ||    11
 Armour: Scale mail        |    25 |    58 |    57 |     2 ||   142
         Skin              |       |       |       |     1 ||     1
  Dodge: Dodged            |    26 |    65 |    74 |    10 ||   175
  Block: Buckler           |     9 |    30 |    54 |    12 ||   105

Table legend: (Time is in decaauts)
 A = Elapsed time spent in this place.
 B = Non-inter-level travel time spent in this place.
 C = Inter-level travel time spent in this place.
 D = Time resting spent in this place.
 E = Time spent auto-exploring this place.
 F = Levels seen in this place.
 G = Mean time per level.
                   A        B        C        D        E       F      G
               +--------+--------+--------+--------+--------+-----+--------+
         Total |   6154 |   5994 |    160 |    929 |   4167 |   7 |  879.1 |
       Dungeon |   6154 |   5994 |    160 |    929 |   4167 |   7 |  879.1 |
               +--------+--------+--------+--------+--------+-----+--------+

Top non-repeatable levels by time:
     D:7: 1190 daAuts
     D:3: 1076 daAuts
     D:4: 946 daAuts
     D:6: 876 daAuts
     D:5: 854 daAuts
     D:2: 643 daAuts
     D:1: 568 daAuts
